Map: Oceanborn LE

Players

Obvi - Winner!

  • Race: Zerg Zerg
  • League: Diamond
  • Spawn Location: 11:00

SadPanda

  • Race: Protoss Protoss
  • League: Diamond
  • Spawn Location: 5:00

VOD

Have the link to the VOD?

Description

Time

  • Played on: Oct. 25, 2023, 6:32 p.m.
  • Length: 5:06
Show
View Real Time Build Order
Export as new Build Order

Obvi Zerg - Winner!

Build Orders: Hatch First 

Get SALT Encoding   

  12  0:00  Drone  
  13  0:14  Overlord  
  13  0:18  Drone  
  14  0:34  Drone x2  
  16  0:37  Drone  
  17  0:53  Hatchery  
  17  0:55  Drone  
  17  1:02  Drone  
  18  1:11  Extractor  
  18  1:16  Drone, Spawning Pool  
  17  1:20  Drone  
  18  1:30  Drone  
  19  1:41  Drone  
  20  2:02  Queen  
  20  2:07  Zergling x2  
  20  2:08  Drone x2  
  25  2:16  Metabolic Boost  
  25  2:18  Drone x2  
  27  2:26  Drone  
  27  2:28  Overlord  
  28  2:36  Roach Warren  
  27  2:42  Overlord  
  27  2:46  Queen, Overlord  
  27  2:50  Drone  
  27  2:51  Drone  
  33  2:59  Drone  
  33  3:00  Drone  
  33  3:07  Overlord  
  33  3:09  Overlord  
  33  3:10  Overlord  
  33  3:24  Spore Crawler  
  32  3:34  Spore Crawler  
  32  3:35  Overlord  
  32  3:36  Roach  
  32  3:37  Roach x4  
  41  3:46  Roach  
  45  3:48  Roach  
  45  3:54  Hatchery  
  44  3:58  Roach x2  
  48  4:05  Zergling x8  
  52  4:17  Queen  
  52  4:18  Zergling x6  
  57  4:30  Zergling x6  
Show
View Real Time Build Order
Export as new Build Order

SadPanda Protoss 

Build Orders: 1 Gate Expand, Phoenix Opening 

Get SALT Encoding   

  12  0:00  Probe  
  13  0:12  Probe  
  14  0:19  Pylon  
  14  0:24  Probe  
  15  0:37  Probe (Chrono Boost)  
  15  0:39  Gateway  
  16  0:46  Probe (Chrono Boost)  
  16  0:47  Assimilator  
  17  0:51  Probe (Chrono Boost)  
  18  1:03  Probe  
  19  1:15  Probe  
  20  1:29  Nexus  
  20  1:35  Cybernetics Core  
  20  1:37  Probe  
  21  1:44  Pylon  
  21  1:50  Probe  
  22  2:02  Probe  
  23  2:14  Probe  
  24  2:16  Stargate  
  24  2:20  Assimilator  
  24  2:25  Adept (Chrono Boost)  
  24  2:27  Probe  
  26  2:40  Probe (Chrono Boost)  
  27  2:44  Warp Gate  
  27  2:45  Probe (Chrono Boost)  
  28  2:54  Adept (Chrono Boost)  
  28  2:57  Probe (Chrono Boost)  
  28  2:58  Probe (Chrono Boost)  
  32  3:04  Probe x2 (Chrono Boost)  
  34  3:12  Phoenix  
  34  3:15  Probe  
  34  3:16  Nexus  
  34  3:18  Probe  
  38  3:27  Probe  
  38  3:30  Probe  
  40  3:34  Gateway  
  40  3:40  Phoenix (Chrono Boost), Probe  
  43  3:43  Probe  
  44  3:51  Pylon  
  44  3:52  Probe  
  45  3:57  Probe  
  46  4:09  Phoenix (Chrono Boost)  
  48  4:11  Probe  
  48  4:12  Probe  
  48  4:15  Assimilator  
  50  4:21  Pylon  
  50  4:23  Probe  
  51  4:26  Phoenix (Chrono Boost)  
  51  4:30  Probe x2  
  55  4:36  Probe  
  56  4:41  Stalker x2  
  56  4:42  Probe x2  
  62  4:48  Probe  
Tags
 
Add a new tag
Caveats
  • Supply blocks, unpowered buildings, or Contaminate may cause inaccurate times.
  • Supply counts are checked every 10 seconds.